 Dungeon Crawl Stone Soup version 0.22.0-38-g04b72b8c25 (webtiles) character file.

48 Freyura the Shield-Bearer (level 3, 0/24 HPs)
             Began as a Gargoyle Fighter on Aug 26, 2018.
             Slain by Natasha (6 damage)
             ... on level 2 of the Dungeon.
             The game lasted 00:02:29 (510 turns).

Freyura the Shield-Bearer (Gargoyle Fighter)         Turns: 510, Time: 00:02:30

Health: 0/24       AC:  0    Str: 19    XL:     3   Next: 72%
Magic:  3/3        EV: 17    Int:  8    God:
Gold:   25         SH:  0    Dex: 15    Spells: 2/2 levels left

rFire    . . .     SeeInvis .   (weapon currently unavailable)
rCold    . . .     Gourm    .   (shield currently unavailable)
rNeg     + . .     Faith    .   (armour currently unavailable)
rPois    ∞         Spirit   .   (helmet currently unavailable)
rElec    .         Reflect  .   (cloak currently unavailable)
rCorr    .         Harm     .   (gloves currently unavailable)
MR       .....                  (boots currently unavailable)
Stlth    +.........             (no amulet)
HPRegen  0.08/turn              (ring currently unavailable)
MPRegen  0.08/turn              (ring currently unavailable)

@: bat-form, flying, very quick
A: tiny, negative energy resistance 1, petrification resistance, rot immunity,
AC +3
a: no special abilities


You were on level 2 of the Dungeon.
You were not hungry.
You were in bat-form.
You visited 1 branch of the dungeon, and saw 2 of its levels.

You collected 25 gold pieces.

Inventory:

Hand Weapons
 a - a +0 flail (melded)
Armour
 b - a +0 scale mail
 c - a +0 shield (melded)
 h - a +0 plate armour (melded)
Scrolls
 e - a scroll of enchant weapon {unknown}
 g - a scroll of identify {unknown}
 i - a scroll of teleportation {unknown}
 k - a scroll of enchant armour {unknown}
Potions
 d - a potion of might
 j - a potion of lignification {unknown}
 l - a potion of degeneration {unknown}
Comestibles
 f - 2 rations


   Skills:
 + Level 3.7 Fighting
 * Level 2.9 Maces & Flails
 + Level 3.7 Armour
 + Level 3.7 Shields


You had 2 spell levels left.
You didn't know any spells.
Your spell library was empty.

Dungeon Overview and Level Annotations

Branches:
Dungeon (2/15)

Altars:

Annotations:
D:2 Natasha


Innate Abilities, Weirdness & Mutations

You are resistant to torment.
((Your stone body is resilient. (AC +3)))
You are immune to poison.
You resist negative energy. (rN+)
((You are resistant to electric shocks. (rElec)))
((You can survive without breathing.))
You are immune to petrification.
You are immune to rotting.


Message History

Natasha, Servant of Life and Death comes into view.
Natasha hisses angrily.
Natasha zaps a wand.
You turn into a bat.
Your +0 flail melds into your body.
Your +0 shield melds into your body.
Your +0 plate armour melds into your body.
It is a wand of polymorph (13).
You hit Natasha but do no damage. Natasha misses you.
You hit Natasha but do no damage.
Natasha zaps a wand.
You resist with significant effort.
You hit Natasha but do no damage. Natasha closely misses you.
You miss Natasha.
Natasha zaps a wand.
You hit Natasha but do no damage.
Natasha casts a spell.
You hit Natasha but do no damage. Natasha claws you!
The crimson imp closely misses you.
You hit Natasha but do no damage. Natasha claws you!
* * * LOW HITPOINT WARNING * * *
The crimson imp blinks!
You barely miss Natasha. Natasha claws you.
You die...

+................
#.......#########
#...............
#........#######
########.# #.#
#.# #5# #b# #h#
#.# #.# ... #..
###


You could see Natasha and a crimson imp.

Vanquished Creatures
  An adder (D:2)
  4 dart slugs (D:1)
  6 bats (D:1)
  2 giant cockroaches (D:1)
  5 goblins (D:1)
  4 hobgoblins (D:1)
  5 kobolds (D:1)
  2 ball pythons (D:1)
  2 frilled lizards (D:1)
31 creatures vanquished.

Notes
Turn   | Place    | Note
-------+----------+-------------------------------------------
     0 | D:1      | Freyura the Gargoyle Fighter began the quest for the Orb.
     0 | D:1      | Reached XP level 1. HP: 14/14 MP: 1/1
    31 | D:1      | Reached XP level 2. HP: 16/19 MP: 2/2
   232 | D:1      | Reached XP level 3. HP: 22/23 MP: 3/3
   499 | D:2      | Noticed Natasha
   510 | D:2      | Slain by Natasha

Action                   || total
-------------------------++-------
Melee: Flail             ||   106
       Unarmed           ||     8
Armor: Scale mail        ||    11
       Plate armour      ||    70
Dodge: Dodged            ||    33
Block: Shield            ||    48
